 Dungeon Crawl Stone Soup version 0.31.0-32-g396128a36d (webtiles) character file.

Game seed: 16638199249657387603

31 Silvore the Shield-Bearer (level 3, -4/33 HPs)
             Began as a Minotaur Fighter on Mar 30, 2024.
             Slain by Crazy Yiuf
             ... wielding a +4 quarterstaff of chaos
              (7 damage)
             ... on level 2 of the Dungeon.
             The game lasted 00:01:09 (1102 turns).

Silvore the Shield-Bearer (Minotaur Fighter)        Turns: 1102, Time: 00:01:09

Health: -4/33      AC: 10    Str: 22    XL:     3   Next: 7%
Magic:  2/2        EV:  8    Int:  5    God:
Gold:   152        SH:  4    Dex:  9    Spells: 2/2 levels left

rFire   . . .        h - +1 mace
rCold   . . .        c - +0 buckler
rNeg    . . .        i - +0 chain mail
rPois   .            (helmet restricted)
rElec   .            f - +0 cloak
rCorr   .            (no gloves)
SInv    .            (no boots)
Will    .....        (no amulet) Stlth
                     (no ring)
HPRegen 0.25/turn    (no ring)
MPRegen 0.08/turn

%: no passive effects
@: mighty
A: horns 2, retaliatory headbutt
a: no special abilities


You were on level 2 of the Dungeon.
You visited 1 branch of the dungeon, and saw 2 of its levels.

You collected 152 gold pieces.

Inventory:

Hand Weapons
 a - a +0 flail
 h - a +1 mace (weapon)
Armour
 b - a +0 scale mail
 c - a +0 buckler (worn)
 f - a +0 cloak (worn)
 i - a +0 chain mail (worn)
Scrolls
 e - 2 scrolls of identify
 g - 2 scrolls of noise
 k - 2 scrolls of revelation {unknown}
 l - a scroll of poison {unknown}
 n - a scroll of teleportation {unknown}
Potions
 j - a potion of lignification
 m - a potion of cancellation {unknown}
 o - a potion of curing {unknown}


   Skills:
 + Level 4.2 Fighting
 + Level 2.6 Maces & Flails
 + Level 4.0 Armour
 + Level 4.2 Shields


You had 2 spell levels left.
You didn't know any spells.
Your spell library was empty.

Dungeon Overview and Level Annotations

Branches:
Dungeon (2/15)

Altars:
Trog

Shops:
D:1 (

Annotations:
D:2 Crazy Yiuf


Innate Abilities, Weirdness & Mutations

You have a pair of horns on your head.
You reflexively headbutt those who attack you in melee.


Message History

There is a large open door here.
Found a mace.
Found a hammer.
Found a runed translucent door.
Crazy Yiuf shouts!
Crazy Yiuf glowers.
A rat comes into view.
The rat squeaks loudly.
A rat is nearby!
A rat is nearby!
The rat bites you but does no damage.
You barely miss the rat. You headbutt the rat.
You kill the rat!
A quokka comes into view.
You see here a rat corpse.
You block the quokka's attack.
You miss the quokka. Your headbutt misses the quokka.
The quokka bites you but does no damage.
The quokka closely misses you.
You closely miss the quokka. You headbutt the quokka.
You kill the quokka!
You see here a rat corpse.
Crazy Yiuf whimpers, "Action cloud illywillydillykilly!"
You open the door. You hit Crazy Yiuf but do no damage.
You headbutt Crazy Yiuf.
Crazy Yiuf is moderately wounded.
Crazy Yiuf hits you with a +4 quarterstaff of chaos. x2
You hit Crazy Yiuf.
Crazy Yiuf is moderately wounded.
Crazy Yiuf says, "Liver!
Line sallow sanguine."
Crazy Yiuf closely misses you.
You hit Crazy Yiuf but do no damage. You headbutt Crazy Yiuf!
Crazy Yiuf is severely wounded.
Crazy Yiuf hits you with a +4 quarterstaff of chaos!
* * * LOW HITPOINT WARNING * * *
Crazy Yiuf freezes you.
* * * LOW HITPOINT WARNING * * *
Unknown command.
You feel very mighty all of a sudden.
Crazy Yiuf hits you with a +4 quarterstaff of chaos!
You die...

#...#...# ##......# #.###...#
........# ##.# #.#.# ..)....####
...#####.# #.......# ###....###
#.......' # #.##.#.# #†......# #
#.##.#.# ### ♣♣##....####
#(##...# #)..#♣♣ ♣♣.....###
#.##.### #...g@♣♣♣♣......#
###......# #...#♣..♣......##
........## ### ♣♣♣.♣....## ##
.>..[...# ♣♣♣♣♣### ##. ........#
#.. ........####### ### #..
...._...#.....# #.### #######..
..†.(...#.....####.#<# #........
........##....(......####........


You could see Crazy Yiuf.

Vanquished Creatures
  An adder (D:2)
  2 bats
  2 endoplasms
  3 giant cockroaches (D:2)
  2 hobgoblins
  3 jackals (D:1)
  2 quokkas (D:2)
  3 frilled lizards (D:2)
  A kobold (D:1)
  A rat (D:2)
20 creatures vanquished.

Notes
Turn   | Place    | Note
-------+----------+-------------------------------------------
     0 | D:1      | Silvore the Minotaur Fighter began the quest for the Orb.
     0 | D:1      | Reached XP level 1. HP: 19/19 MP: 0/0
    36 | D:1      | Found Qexkapucw's Weapon Boutique.
    95 | D:1      | Found a faded altar of an unknown god.
   678 | D:1      | Reached XP level 2. HP: 26/27 MP: 1/1
   736 | D:2      | Found a bloodstained altar of Trog.
  1044 | D:2      | Reached XP level 3. HP: 33/33 MP: 2/2
  1066 | D:2      | Found a runed translucent door.
  1067 | D:2      | Noticed Crazy Yiuf
  1102 | D:2      | Slain by Crazy Yiuf

Illustrated notes

Levels and vault maps discovered:
D:1:      elethiomel_arrival_quiet, layout_loops_ring, serial_shops,
          nicolae_shop_bloodbath_and_beyond, ebering_ecumenical_altar_hall
D:2:      layout_basic, basic_altar, uniq_crazy_yiuf_cottage

Skill      XL: |  1  2 |
---------------+-------+-----
Fighting       | 4 |  4.2
Shields        | 4 |  4.2
Armour         | 4 |  4.0
Maces & Flails | |  2.6

Action                     || total
---------------------------++-------
  Melee: Mace              ||    50
         Headbutt          ||     7
         Flail             ||     2
    Use: Scroll            ||     3
         Potion            ||     1
 Armour: Scale mail        ||     7
         Chain mail        ||    31
  Dodge: Dodged            ||    28
  Block: Buckler           ||    18
